3AA
YAKIMA HOPS @ FT. POLK SOUTH THUNDER HAWKS
05/28/2021
 
TOP OF THE 1ST
Yakima Hops batting - Pitching for Ft. Polk South Thunder Hawks : RHP Jeff Moore
Pitching: RHP Jeff Moore
Batting: SHB Carlos Sánchez 0-0: Ball
1-0: Foul Ball, location: 2F
1-1: Called Strike
1-2: Strikes out swinging
Batting: RHB Chris Robinson 0-0: Ball
1-0: Foul Ball, location: 2F
1-1: Ball
2-1: Called Strike
2-2: Fly out, F6 (Line Drive, 6)
Batting: RHB Marshall Attwood 0-0: Ball
1-0: Swinging Strike
1-1: Called Strike
1-2: Fly out, F9 (Flyball, 9M)
Top of the 1st over - 0 run(s), 0 hit(s), 0 error(s), 0 left on base; Yakima 0 - Ft. Polk South 0
BOTTOM OF THE 1ST
Ft. Polk South Thunder Hawks batting - Pitching for Yakima Hops : LHP Mark Tucker
Pitching: LHP Mark Tucker
Batting: RHB Jim Unknown 0-0: Ball
1-0: Fly out, F9 (Flyball, 9S)
Batting: LHB José López 0-0: Ball
1-0: Ball
2-0: Called Strike
2-1: Foul Ball, location: 2F
2-2: SOLO HOME RUN (Flyball, 89XD), Distance : 387 ft
Batting: RHB Héctor López 0-0: Swinging Strike
0-1: Ball
1-1: Swinging Strike
1-2: Strikes out swinging
Batting: SHB Ted Hansen 0-0: SINGLE (Flyball, 78M)
Batting: RHB Steven Grant Balk!
Ted Hansen to second
0-0: Ground out 6-3 (Groundball, 6M)
Bottom of the 1st over - 1 run(s), 2 hit(s), 0 error(s), 1 left on base; Yakima 0 - Ft. Polk South 1
TOP OF THE 2ND
Yakima Hops batting - Pitching for Ft. Polk South Thunder Hawks : RHP Jeff Moore
Batting: RHB Cal Jackson 0-0: Ball
1-0: Swinging Strike
1-1: Swinging Strike
1-2: Strikes out looking
Batting: RHB Rafael Durango 0-0: Ground out 6-3 (Groundball, 6)
Batting: RHB John Robinson 0-0: Ball
1-0: Swinging Strike
1-1: Ball
2-1: Ground out 1-3 (Groundball, 25)
Top of the 2nd over - 0 run(s), 0 hit(s), 0 error(s), 0 left on base; Yakima 0 - Ft. Polk South 1
BOTTOM OF THE 2ND
Ft. Polk South Thunder Hawks batting - Pitching for Yakima Hops : LHP Mark Tucker
Batting: SHB Paul Wright 0-0: Swinging Strike
0-1: Ball
1-1: Swinging Strike
1-2: Strikes out swinging
Batting: RHB Clark Calhoun 0-0: Ground out 6-3 (Groundball, 6)
Batting: RHB Joe Murray 0-0: Ball
1-0: Ball
2-0: Called Strike
2-1: Called Strike
2-2: Ball
3-2: Foul Ball, location: 2F
3-2: Foul Ball, location: 2F
3-2: Foul Ball, location: 2F
3-2: Base on Balls
Batting: RHB Tim Norris 0-0: Called Strike
0-1: Ball
1-1: Swinging Strike
1-2: Strikes out swinging
Bottom of the 2nd over - 0 run(s), 0 hit(s), 0 error(s), 1 left on base; Yakima 0 - Ft. Polk South 1
TOP OF THE 3RD
Yakima Hops batting - Pitching for Ft. Polk South Thunder Hawks : RHP Jeff Moore
Batting: RHB William Gaines 0-0: Ball
1-0: Ground out 5-3 (Groundball, 5L)
Batting: RHB Miguel Torres 0-0: SINGLE (Line Drive, 4MD)
Batting: RHB Edgar García 0-0: Ball
1-0: SINGLE (Groundball, 56D)
Miguel Torres to second
Batting: SHB Carlos Sánchez 0-0: Ball
1-0: Ball
2-0: Foul Ball, location: 2F
2-1: Called Strike
2-2: Ground out U3 (Groundball, 3S)
Miguel Torres to third
Edgar García to second
Batting: RHB Chris Robinson 0-0: Ball
1-0: Swinging Strike
1-1: Foul Ball, location: 2F
1-2: Strikes out swinging
Top of the 3rd over - 0 run(s), 2 hit(s), 0 error(s), 2 left on base; Yakima 0 - Ft. Polk South 1
BOTTOM OF THE 3RD
Ft. Polk South Thunder Hawks batting - Pitching for Yakima Hops : LHP Mark Tucker
Batting: RHB Jim Unknown 0-0: Fly out, F8 (Line Drive, 8RM)
Batting: LHB José López 0-0: Called Strike
0-1: Ball
1-1: Foul Ball, location: 2F
1-2: Ball
2-2: Fly out, F2 (Popup, 23F)
Batting: RHB Héctor López 0-0: Foul Ball, location: 2F
0-1: Foul Ball, location: 2F
0-2: SINGLE (Line Drive, 89S)
Batting: SHB Ted Hansen 0-0: Ball
1-0: Ball
2-0: Called Strike
2-1: Called Strike
2-2: Ball
3-2: Strikes out swinging
Bottom of the 3rd over - 0 run(s), 1 hit(s), 0 error(s), 1 left on base; Yakima 0 - Ft. Polk South 1
TOP OF THE 4TH
Yakima Hops batting - Pitching for Ft. Polk South Thunder Hawks : RHP Jeff Moore
Batting: RHB Marshall Attwood 0-0: Ball
1-0: Ball
2-0: Swinging Strike
2-1: Swinging Strike
2-2: Ball
3-2: Foul Ball, location: 2F
3-2: Strikes out looking
Batting: RHB Cal Jackson 0-0: Fly out, F8 (Flyball, 8LD)
Batting: RHB Rafael Durango 0-0: Called Strike
0-1: Ball
1-1: Foul Ball, location: 2F
1-2: SINGLE (Groundball, 13) (infield hit)
Batting: RHB John Robinson 0-0: Foul Ball, location: 2F
0-1: SINGLE (Groundball, 56D)
Rafael Durango to second
Batting: RHB William Gaines 0-0: Ball
1-0: SINGLE (Line Drive, 8RS)
Rafael Durango to third
John Robinson to second
Batting: RHB Miguel Torres 0-0: Ball
1-0: Ball
2-0: GRAND SLAM HOME RUN (Line Drive, 7LD), Distance : 351 ft
Batting: RHB Edgar García 0-0: Foul Ball, location: 2F
0-1: Called Strike
0-2: Ball
1-2: SINGLE (Line Drive, 7LS)
Batting: SHB Carlos Sánchez 0-0: Ball
1-0: Called Strike
1-1: Called Strike
1-2: Strikes out swinging
Top of the 4th over - 4 run(s), 5 hit(s), 0 error(s), 1 left on base; Yakima 4 - Ft. Polk South 1
BOTTOM OF THE 4TH
Ft. Polk South Thunder Hawks batting - Pitching for Yakima Hops : LHP Mark Tucker
Batting: RHB Steven Grant 0-0: Ball
1-0: Ball
2-0: Swinging Strike
2-1: Ground out 6-3 (Groundball, 6)
Batting: SHB Paul Wright 0-0: Ball
1-0: Ball
2-0: Ball
3-0: Called Strike
3-1: Foul Ball, location: 2F
3-2: SINGLE (Flyball, 9LS)
Batting: RHB Clark Calhoun 0-0: Foul Ball, location: 2F
0-1: Ball
1-1: Ball
2-1: Grounds into double play, 5-4-3 (Groundball, 56)
Bottom of the 4th over - 0 run(s), 1 hit(s), 0 error(s), 0 left on base; Yakima 4 - Ft. Polk South 1
TOP OF THE 5TH
Yakima Hops batting - Pitching for Ft. Polk South Thunder Hawks : RHP Jeff Moore
Batting: RHB Chris Robinson 0-0: Ball
1-0: Foul Ball, location: 2F
1-1: Ball
2-1: Ball
3-1: Fly out, F8 (Flyball, 8LD)
Batting: RHB Marshall Attwood 0-0: DOUBLE (Flyball, 8LXD)
Batting: RHB Cal Jackson 0-0: Fly out, F7 (Flyball, 78M)
Batting: RHB Rafael Durango 0-0: Ball
1-0: Ball
2-0: Swinging Strike
2-1: Swinging Strike
2-2: Strikes out swinging
Top of the 5th over - 0 run(s), 1 hit(s), 0 error(s), 1 left on base; Yakima 4 - Ft. Polk South 1
BOTTOM OF THE 5TH
Ft. Polk South Thunder Hawks batting - Pitching for Yakima Hops : LHP Mark Tucker
Batting: RHB Joe Murray 0-0: Foul Ball, location: 2F
0-1: Ball
1-1: Swinging Strike
1-2: Ball
2-2: Ground out 6-3 (Groundball, 6M)
Batting: RHB Tim Norris 0-0: Foul Ball, location: 2F
0-1: Called Strike
0-2: Ball
1-2: Ground out 1-3 (Groundball, 15)
Batting: RHB Jim Unknown 0-0: Reached on error, E5 (Groundball, 5S)
Batting: LHB José López 0-0: Called Strike
0-1: Called Strike
0-2: Strikes out swinging
Bottom of the 5th over - 0 run(s), 0 hit(s), 1 error(s), 1 left on base; Yakima 4 - Ft. Polk South 1
TOP OF THE 6TH
Yakima Hops batting - Pitching for Ft. Polk South Thunder Hawks : RHP Jeff Moore
Batting: RHB John Robinson 0-0: Ball
1-0: Ball
2-0: Ball
3-0: Base on Balls
Batting: RHB William Gaines 0-0: Ball
1-0: Bunt missed!
1-1: Bunted foul
1-2: Ball
2-2: 2-RUN HOME RUN (Flyball, 78XD), Distance : 376 ft
Pitching: RHP Dax Perry
Batting: RHB Miguel Torres 0-0: Called Strike
0-1: SINGLE (Groundball, 5D)
Batting: RHB Edgar García 0-0: Ball
1-0: Ball
2-0: Bunt missed!
2-1: Bunt missed!
2-2: SINGLE (Flyball, 78S)
Miguel Torres to second
Batting: SHB Carlos Sánchez 0-0: Grounds into double play, 4-6-3 (Groundball, 4)
Miguel Torres to third
Batting: RHB Chris Robinson 0-0: Ball
1-0: Fly out, F9 (Flyball, 9M)
Top of the 6th over - 2 run(s), 3 hit(s), 0 error(s), 1 left on base; Yakima 6 - Ft. Polk South 1
BOTTOM OF THE 6TH
Ft. Polk South Thunder Hawks batting - Pitching for Yakima Hops : LHP Mark Tucker
Batting: RHB Héctor López 0-0: Foul Ball, location: 2F
0-1: Ground out 6-3 (Groundball, 6)
Batting: SHB Ted Hansen 0-0: Ball
1-0: Called Strike
Reached via error on a dropped throw, E3
Batting: RHB Steven Grant Pickoff Throw to First - Out!
0-0: Called Strike
0-1: Ball
1-1: Called Strike
1-2: Ground out 1-3 (Groundball, 13)
Bottom of the 6th over - 0 run(s), 0 hit(s), 1 error(s), 0 left on base; Yakima 6 - Ft. Polk South 1
TOP OF THE 7TH
Yakima Hops batting - Pitching for Ft. Polk South Thunder Hawks : RHP Dax Perry
Batting: RHB Marshall Attwood 0-0: Ball
1-0: Called Strike
1-1: Foul Ball, location: 2F
1-2: Ball
2-2: Ball
3-2: Hit by Pitch
Batting: RHB Cal Jackson 0-0: SINGLE (Line Drive, 9LS)
Marshall Attwood to second
Batting: RHB Rafael Durango 0-0: Called Strike
0-1: SINGLE (Line Drive, 8LS)
Marshall Attwood to third
Cal Jackson to second
Batting: RHB John Robinson 0-0: Ball
1-0: Grounds into double play, U4-3 (Groundball, 4M)
Marshall Attwood scores
Cal Jackson to third
Batting: RHB William Gaines 0-0: Called Strike
0-1: Ball
1-1: Ground out U3 (Groundball, 3S)
Top of the 7th over - 1 run(s), 2 hit(s), 0 error(s), 1 left on base; Yakima 7 - Ft. Polk South 1
BOTTOM OF THE 7TH
Ft. Polk South Thunder Hawks batting - Pitching for Yakima Hops : LHP Mark Tucker
Batting: SHB Paul Wright 0-0: Ground out 6-3 (Groundball, 6)
Batting: RHB Clark Calhoun 0-0: Called Strike
0-1: Foul Ball, location: 2F
0-2: Strikes out looking
Batting: RHB Joe Murray 0-0: Ball
1-0: Called Strike
1-1: Ball
2-1: Ball
3-1: Called Strike
3-2: Strikes out swinging
Bottom of the 7th over - 0 run(s), 0 hit(s), 0 error(s), 0 left on base; Yakima 7 - Ft. Polk South 1
TOP OF THE 8TH
Yakima Hops batting - Pitching for Ft. Polk South Thunder Hawks : RHP Dax Perry
Batting: RHB Miguel Torres 0-0: Ball
1-0: Called Strike
1-1: Fly out, F9 (Flyball, 89D)
Batting: RHB Edgar García 0-0: Foul Ball, location: 2F
0-1: Ball
1-1: Swinging Strike
1-2: Ball
2-2: Ball
3-2: Foul Ball, location: 2F
3-2: Base on Balls
Batting: SHB Carlos Sánchez 0-0: Ball
1-0: Ball
2-0: Ball
3-0: Called Strike
3-1: Foul Ball, location: 2F
3-2: Strikes out looking
Edgar García steals 2nd base
Batter strikes out.
Batting: RHB Chris Robinson 0-0: Called Strike
0-1: Ball
1-1: Ball
2-1: Swinging Strike
2-2: Foul Ball, location: 2F
2-2: Ground out 4-3 (Groundball, 4M)
Top of the 8th over - 0 run(s), 0 hit(s), 0 error(s), 1 left on base; Yakima 7 - Ft. Polk South 1
BOTTOM OF THE 8TH
Ft. Polk South Thunder Hawks batting - Pitching for Yakima Hops : LHP Mark Tucker
Batting: RHB Tim Norris 0-0: Ball
1-0: Fly out, F8 (Flyball, 8LS)
Batting: RHB Jim Unknown 0-0: Called Strike
0-1: Ball
1-1: Swinging Strike
1-2: Strikes out swinging
Batting: LHB José López 0-0: Ball
1-0: Ball
2-0: Foul Ball, location: 2F
2-1: Ball
3-1: TRIPLE (Flyball, 78D)
Batting: RHB Héctor López 0-0: Called Strike
0-1: Ball
1-1: Swinging Strike
1-2: Strikes out looking
Bottom of the 8th over - 0 run(s), 1 hit(s), 0 error(s), 1 left on base; Yakima 7 - Ft. Polk South 1
TOP OF THE 9TH
Yakima Hops batting - Pitching for Ft. Polk South Thunder Hawks : RHP Dax Perry
Batting: RHB Marshall Attwood 0-0: Ball
1-0: Ball
2-0: Ball
3-0: Called Strike
3-1: Base on Balls
Batting: RHB Cal Jackson 0-0: Ball
1-0: Ball
2-0: Ball
3-0: Swinging Strike
3-1: Swinging Strike
3-2: Foul Ball, location: 2F
3-2: Base on Balls
Marshall Attwood to second
Pitching: RHP Dean Hill
Batting: RHB Rafael Durango 0-0: Swinging Strike
0-1: Ball
1-1: Called Strike
1-2: Ball
2-2: Foul Ball, location: 2F
2-2: Strikes out swinging
Batting: RHB John Robinson 0-0: Called Strike
0-1: Foul Ball, location: 2F
0-2: Ball
1-2: Fly out, F4 (Line Drive, 4M)
Batting: RHB William Gaines 0-0: Ball
1-0: Foul Ball, location: 2F
1-1: Foul Ball, location: 2F
1-2: Ball
2-2: Foul Ball, location: 2F
2-2: Foul Ball, location: 2F
2-2: Strikes out swinging
Top of the 9th over - 0 run(s), 0 hit(s), 0 error(s), 2 left on base; Yakima 7 - Ft. Polk South 1
BOTTOM OF THE 9TH
Ft. Polk South Thunder Hawks batting - Pitching for Yakima Hops : LHP Mark Tucker
Batting: SHB Ted Hansen 0-0: Ball
1-0: Called Strike
1-1: Foul Ball, location: 2F
1-2: Foul Ball, location: 2F
1-2: Ball
2-2: Strikes out looking
Batting: RHB Steven Grant 0-0: Fly out, F8 (Flyball, 8RXD)
Batting: SHB Paul Wright 0-0: Called Strike
0-1: Ball
1-1: Ball
2-1: Swinging Strike
2-2: Ball
3-2: Base on Balls
Batting: RHB Clark Calhoun 0-0: Called Strike
0-1: Ball
1-1: Ball
2-1: Reached on error, E5 (Groundball, 56)
Paul Wright to second
Batting: RHB Joe Murray 0-0: Fly out, F7 (Flyball, 78S)
Bottom of the 9th over - 0 run(s), 0 hit(s), 1 error(s), 2 left on base; Yakima 7 - Ft. Polk South 1
This league is powered by Out of the Park Baseball, the baseball management simulation game for PC, Mac and Linux
Friday, January 22nd, 2016 - OOTP Baseball 16.9 Build 39